 Dungeon Crawl Stone Soup version 0.22.0 (webtiles) character file.

1089 Htamos the Firebug (level 8, -3/66 HPs)
             Began as a Centaur Fire Elementalist on Aug 11, 2018.
             Was a Follower of Sif Muna.
             Slain by a scorpion (7 damage)
             ... on level 5 of the Dungeon.
             The game lasted 00:12:42 (6155 turns).

Htamos the Firebug (Centaur Fire Elementalist)      Turns: 6155, Time: 00:12:43

Health: -3/66      AC:  5    Str: 15    XL:     8   Next: 9%
Magic:  0/13       EV: 15    Int: 16    God:    Sif Muna [*.....]
Gold:   117        SH:  0    Dex: 16    Spells: 13/14 levels left

rFire    . . .     SeeInvis .   b - +0 hand axe
rCold    . . .     Gourm    .   (no shield)
rNeg     . . .     Faith    .   a - +0 robe
rPois    .         Spirit   .   f - +1 hat
rElec    .         Reflect  .   (no cloak)
rCorr    .         Harm     .   (no gloves)
MR       .....                  (no barding)
Stlth    ++........             (no amulet)
HPRegen  0.21/turn              (no ring)
MPRegen  0.13/turn              (no ring)

@: mighty, agile, lethally poisoned (-3 -> -4), very slightly contaminated, very
quick
A: large, hooves 3, deformed body, speed 2, tough skin 3
a: Divine Energy, Renounce Religion


You were on level 5 of the Dungeon.
You worshipped Sif Muna.
Sif Muna was aware of your devotion.
You were not hungry.

You visited 2 branches of the dungeon, and saw 6 of its levels.

You collected 117 gold pieces.

Inventory:

Hand Weapons
 b - a +0 hand axe (weapon)
 d - a +0 short sword
Missiles
 j - 64 stones (quivered)
Armour
 a - a +0 robe (worn)
 f - a +1 hat (worn)
 l - a +0 scale mail
 m - a +0 ring mail
Jewellery
 s - an uncursed ring of magical power {unknown}
Wands
 p - a wand of random effects (10)
Scrolls
 e - a scroll of enchant weapon {unknown}
 g - 3 scrolls of identify {unknown}
 i - 3 scrolls of immolation {unknown}
 o - 2 scrolls of fear {unknown}
 q - a scroll of remove curse {unknown}
Comestibles
 c - 7 rations


   Skills:
 + Level 4.1 Fighting
 - Level 1.7 Dodging
 - Level 1.2 Stealth
 + Level 3.8 Spellcasting
 + Level 4.6 Conjurations
 + Level 4.9 Fire Magic


You had 13 spell levels left.
You knew the following spells:

 Your Spells              Type           Power        Failure   Level  Hunger
a - Flame Tongue          Conj/Fire      ###..        2%          1    None

Your spell library contained the following spells:

 Spells                   Type           Power        Failure   Level  Hunger
 Fireball                 Conj/Fire      ###.......   54%         5    ######.
 Conjure Flame            Conj/Fire      ###.....     7%          3    ###....
 Throw Flame              Conj/Fire      ###...       3%          2    ##.....
 Sticky Flame             Conj/Fire      ###.....     24%         4    ####...
 Inner Flame              Hex/Fire       ##......     19%         3    ###....


Dungeon Overview and Level Annotations

Branches:
Dungeon (5/15)             Temple (1/1) D:4

Altars:
Ashenzari
Cheibriados
Dithmenos
Elyvilon
Fedhas
Gozag
Hepliaklqana
Kikubaaqudgha
Makhleb
Nemelex Xobeh
Okawaru
Qazlal
Ru
Sif Muna
Trog
Uskayaw
Vehumet
Wu Jian
Xom
Yredelemnul
Zin
The Shining One

Shops:
D:5 %

Annotations:
D:2 Sigmund


Innate Abilities, Weirdness & Mutations

You have hooves in place of feet.
Armour fits poorly on your strangely shaped body.
You cover ground very quickly.
You have extremely tough skin. (AC +3)


Message History

The scorpion is heavily wounded.
The scorpion stings you.
* * * LOW HITPOINT WARNING * * *
You hit the scorpion.
The scorpion is severely wounded.
You feel sick. The scorpion stings you.
* * * LOW HITPOINT WARNING * * *
Casting: Flame Tongue (safe; 2% risk of failure)
Confirm with . or Enter, or press ? or * to list all spells.
Aiming: Flame Tongue (safe; 2% risk of failure)
Press: ? - help, Shift-Dir - straight line, f/p - scorpion
Aim: a scorpion (severely wounded)
The flame tongue hits the scorpion.
The scorpion is almost dead.
* * * LOW MAGIC WARNING * * *
The scorpion barely misses you.
It was a potion of might.
You feel very mighty all of a sudden.
You feel sick. The scorpion stings you!
You die...

#..........##
#....####...#
#...## ##..#
#..## #.## #..#
#.# #### #.#
##.## #...##
####s@..## ###
##...†....###.#
#..†.####.....#
#..†.# ##...##
#.....# #####
........#
........#
........#
........#


You could see a scorpion.

Vanquished Creatures
  2 phantoms
  A black bear (D:5)
  An ice beast (D:4)
  An ogre (D:4)
  A centaur (D:5)
  A howler monkey (D:4)
  A crimson imp (D:5)
  2 hounds
  A jelly (D:5)
  2 orc priests
  A bullfrog skeleton (D:4)
  Jessica (D:3)
  2 orc wizards (D:4)
  4 worker ants
  A gnoll (D:1)
  6 adders
  2 oozes
  2 adder skeletons
  A worm (D:2)
  A dart slug (D:3)
  A leopard gecko (D:3)
  10 orcs
  5 giant cockroaches
  6 goblins
  5 hobgoblins
  10 jackals
  5 kobolds
  A quokka (D:4)
  6 bats
  10 frilled lizards
  A leopard gecko skeleton (D:5)
  A quokka skeleton (D:4)
  8 rats
103 creatures vanquished.

Notes
Turn   | Place    | Note
-------+----------+-------------------------------------------
     0 | D:1      | Htamos the Centaur Fire Elementalist began the quest for the Orb.
     0 | D:1      | Reached XP level 1. HP: 14/14 MP: 3/3
    90 | D:1      | Reached skill level 1 in Conjurations
   305 | D:1      | Reached XP level 2. HP: 12/20 MP: 0/4
   644 | D:1      | Reached XP level 3. HP: 24/26 MP: 1/5
  1734 | D:2      | Reached XP level 4. HP: 33/34 MP: 0/7
  1957 | D:2      | Noticed Sigmund
  2149 | D:3      | Reached skill level 1 in Fighting
  2240 | D:3      | Noticed Jessica
  2263 | D:3      | Killed Jessica
  2263 | D:3      | Reached XP level 5. HP: 13/40 MP: 1/8
  2529 | D:3      | Found a blossoming altar of Fedhas.
  3381 | D:4      | Noticed an ogre
  3411 | D:4      | Killed an ogre
  3411 | D:4      | Reached XP level 6. HP: 48/48 MP: 3/9
  3484 | D:4      | Noticed an ice beast
  3515 | D:4      | Killed an ice beast
  4049 | D:3      | Reached XP level 7. HP: 37/56 MP: 4/11
  4420 | D:4      | Found a staircase to the Ecumenical Temple.
  4422 | D:4      | Found a faded altar of an unknown god.
  4477 | Temple   | Entered the Ecumenical Temple
  4525 | Temple   | Became a worshipper of Sif Muna the Loreminder
  4892 | D:5      | Entered Level 5 of the Dungeon
  4925 | D:5      | Found Cotsisew's General Store.
  4930 | D:5      | Found Goserr's Food Boutique.
  5931 | D:5      | Reached XP level 8. HP: 32/66 MP: 2/13
  6146 | D:5      | Reached * piety under Sif Muna
  6155 | D:5      | Slain by a scorpion

Skill      XL: |  1  2  3  4  5  6  7 |
---------------+----------------------+-----
Conjurations   | 1 2 3 4 |  4.6
Fire Magic     | 3 4 |  4.9
Spellcasting   | 2 3 |  3.8
Fighting       | 1 2 4 |  4.1
Dodging        | |  1.7
Stealth        | |  1.2

Action                   |  1- 3 |  4- 6 |  7- 9 || total
-------------------------+-------+-------+-------++-------
Melee: Unarmed           |    12 |       |       ||    12
       Short sword       |    13 |    27 |       ||    40
       Kick              |     4 |     5 |     8 ||    17
       Hand axe          |       |       |    76 ||    76
 Cast: Flame Tongue      |    66 |   109 |    83 ||   258
Evoke: Wand              |       |       |    10 ||    10
  Use: Potion            |       |     3 |     3 ||     6
 Stab: Confused          |       |       |     2 ||     2
  Eat: Chunk             |     3 |     7 |     4 ||    14
       Ration            |       |       |     1 ||     1
Armor: Robe              |    30 |    19 |    48 ||    97
       Skin              |       |       |     8 ||     8
Dodge: Dodged            |    34 |    32 |    85 ||   151
